 Dungeon Crawl Stone Soup version 0.27.0-1-g7a089689b8 (webtiles) character file.

Game seed: 3941452609857365857

29 VictoriousLee the Cudgeller (level 3, -1/23 HPs)
             Began as a Gargoyle Monk on Aug 17, 2021.
             Killed by divine providence
             ... invoked by an orc priest
              (12 damage)
             ... on level 3 of the Dungeon.
             The game lasted 00:03:41 (1744 turns).

VictoriousLee the Cudgeller (Gargoyle Monk)         Turns: 1744, Time: 00:03:41

Health: -1/23      AC:  9    Str: 15    XL:     3   Next: 16%
Magic:  3/3        EV: 12    Int: 10    God:
Gold:   66         SH:  0    Dex: 12    Spells: 2/2 levels left

rFire    . . .     SeeInvis .   a - +0 mace
rCold    . . .     Faith    .   (no shield)
rNeg     + . .     Spirit   .   q - +0 leather armour
rPois    ∞         Reflect  .   (no helmet)
rElec    +         Harm     .   d - +2 cloak
rCorr    .         Rampage  .   (no gloves)
Will     .....                  (no boots)
Stlth    ++........             (no amulet)
HPRegen  0.07/turn              (no ring)
MPRegen  0.08/turn              (no ring)

@: no status effects
A: sickness immunity, AC +3, negative energy resistance 1, electricity
resistance, torment resistance 1, petrification resistance
a: no special abilities


You were on level 3 of the Dungeon.
You visited 1 branch of the dungeon, and saw 3 of its levels.

You collected 66 gold pieces.

Inventory:

Hand Weapons
 a - a +0 mace (weapon)
 h - a +0 fustibalus
Missiles
 f - 67 stones
 i - 7 poisoned darts (quivered)
 m - 12 arrows
 o - 26 bolts
Armour
 d - a +2 cloak (worn)
 q - a +0 leather armour (worn)
Scrolls
 e - a scroll of identify {unknown}
 g - a scroll of holy word {unknown}
 j - a scroll of magic mapping {unknown}
 k - a scroll of acquirement {unknown}
 n - a scroll of enchant weapon {unknown}
 p - a scroll of blinking {unknown}
Potions
 c - a potion of resistance {unknown}
 l - 2 potions of haste {unknown}


   Skills:
 - Level 3.2 Fighting
 + Level 4.2 Maces & Flails
 - Level 2.4 Dodging
 - Level 2.1 Stealth


You had 2 spell levels left.
You didn't know any spells.
Your spell library contained the following spells:

 Spells                   Type           Power      Damage    Failure   Level
 Beastly Appendage        Tmut           0%         N/A       43%         1
 Wereblood                Tmut           0%         N/A       56%         2
 Spider Form              Tmut/Pois      0%         N/A       80%         3


Dungeon Overview and Level Annotations

Branches:
Dungeon (3/15)

Altars:
Trog


Innate Abilities, Weirdness & Mutations

You are immune to sickness and miasma.
Your stone body is resilient. (AC +3)
You are immune to poison.
You resist negative energy. (rN+)
You are resistant to electric shocks. (rElec)
You are resistant to unholy torment.
You are immune to petrification.


Message History

The ball python misses you.
The ball python bites you but does no damage.
The ball python grabs you. The ball python constricts you.
You thump the ball python!
You kill the ball python!
l - 2 sedimented green potions (gained 1)
There is a stone staircase leading up here.
Found a leather armour.
f - 67 stones (gained 14)
An orc comes into view. It is wielding a +0 hand axe.
An orc priest comes into view. It is wielding a +0 mace.
The orc shouts!
You hear a shout!
You hear an angry growl.
You hear a shout!
Found 22 stones.
The orc priest looks encouraged for a moment.
An orc wizard comes into view. It is wielding a +0 dagger.
You hit the orc priest.
The orc priest is lightly wounded.
The orc priest mumbles some strange prayers to Beogh against you.
Beogh smites you!
A black bear comes into view.
The black bear growls angrily.
You hit the orc priest but do no damage.
The orc priest is lightly wounded.
The orc priest closely misses you. The orc priest hits you with a +0 mace.
You closely miss the orc priest.
The orc priest is lightly wounded.
An orc comes into view. It is wielding a +0 flail.
The orc priest completely misses you.
You sock the orc priest!
The orc priest is heavily wounded.
The orc priest barely misses you.
You barely miss the orc priest.
The orc priest is heavily wounded.
The orc priest barely misses you.
You hit the orc priest.
The orc priest is almost dead.
The orc priest invokes the aid of Beogh against you.
Beogh smites you!
Ouch! That really hurt!
You die...

####### .......##
.#.......## .
..........## ..
#.......... #...
#.........# .....
#.........#####o.....
#...........@ooo.....
####....[..######h....(
..#.........# .##..
...........##### #
#..............
#.........####.
###........>##.
#...............
..###.......##.#


You could see a black bear, an orc priest, an orc wizard and 2 orcs.

Vanquished Creatures
  8 ball pythons
  3 endoplasms
  A giant cockroach (D:2)
  A goblin (D:1)
  2 hobgoblins (D:1)
  2 kobolds (D:2)
  2 quokkas (D:1)
  A bat (D:1)
  6 frilled lizards
  A rat (D:1)
  A spectral goblin (D:1)
28 creatures vanquished.

Notes
Turn   | Place    | Note
-------+----------+-------------------------------------------
     0 | D:1      | VictoriousLee the Gargoyle Monk began the quest for the
                  | Orb.
     0 | D:1      | Reached XP level 1. HP: 14/14 MP: 1/1
    87 | D:1      | Reached XP level 2. HP: 13/19 MP: 2/2
   535 | D:1      | Found a faded altar of an unknown god.
   967 | D:2      | Reached skill level 4 in Maces & Flails
  1164 | D:2      | Found a bloodstained altar of Trog.
  1203 | D:2      | Reached XP level 3. HP: 23/23 MP: 3/3
  1739 | D:3      | Noticed a black bear
  1744 | D:3      | Killed from afar by an orc priest

Illustrated notes

Levels and vault maps discovered:
D:1:      amcnicky_arrival_flooded_fountain, layout_loops_cross,
          dreamdust_ecumenical_altar_drowned_temple
D:2:      layout_rooms, basic_altar
D:3:      layout_rooms, demons_altar, fedhas_altar_2, cheibrodos_worm_habitat,
          mainiacjoe_overflow_alcove_2

Skill      XL: |  1  2 |
---------------+-------+-----
Maces & Flails | 4 |  4.2
Fighting       | |  3.2
Dodging        | |  2.4
Stealth        | |  2.1

Action                   || total
-------------------------++-------
Melee: Mace              ||    72
 Stab: Sleeping          ||     6
Armor: Robe              ||    16
       Leather armour    ||     2
Dodge: Dodged            ||    46
